 Dungeon Crawl Stone Soup version 0.24-a0-203-gf0bc1e9 (webtiles) character file.

Game seed: 16001149840023693478

4647 Draznyth the Cleaver (level 10, 0/94 HPs)
             Began as a Minotaur Berserker on Mar 27, 2019.
             Was a Priest of Trog.
             Slain by Erica
             ... wielding a +1 scimitar of flaming
              (1 damage)
             ... on level 7 of the Dungeon.
             The game lasted 00:18:05 (6730 turns).

Draznyth the Cleaver (Minotaur Berserker)           Turns: 6730, Time: 00:18:06

Health: 0/94       AC:  9    Str: 28 (29) XL:     10   Next: 20%
Magic:  9/9        EV: 11    Int:  6 (8)  God:    Trog [***...]
Gold:   328        SH:  0    Dex:  7 (9)  Spells: 9/9 levels left

rFire    . . .     SeeInvis .   I - +6 morningstar (curse)
rCold    . . .     Gourm    .   (no shield)
rNeg     . . .     Faith    .   z - +4 ring mail "Adeqamy" {Str+4 Int+3}
rPois    .         Spirit   .   (helmet restricted)
rElec    .         Reflect  .   w - scarf {cloud immunity}
rCorr    .         Harm     .   (no gloves)
MR       .....                  (no boots)
Stlth    ..........             (no amulet)
HPRegen  0.25/turn              (no ring)
MPRegen  0.11/turn              (no ring)

@: confused, lethally poisoned (0 -> 0), drained
A: retaliatory headbutt, horns 2
a: Berserk, Trog's Hand, Renounce Religion


You were on level 7 of the Dungeon.
You worshipped Trog.
Trog was most pleased with you.
You were hungry.

You visited 1 branch of the dungeon, and saw 8 of its levels.

You collected 499 gold pieces.
You spent 171 gold pieces at shops.

Inventory:

Hand Weapons
 a - a +0 war axe
 I - a cursed +6 morningstar (weapon)
Missiles
 g - 70 sling bullets
 m - 73 bolts
 t - 54 arrows
Armour
 k - a +0 chain mail
 w - a scarf of cloud immunity (worn)
 z - the +4 ring mail "Adeqamy" (worn) {Str+4 Int+3}
   (You bought it in a shop on level 4 of the Dungeon)

   It affects your strength (+4).
   It affects your intelligence (+3).
 C - a cursed +0 plate armour
Jewellery
 x - an uncursed ring of poison resistance {unknown}
 A - an uncursed amulet of faith {unknown}
Wands
 i - a wand of iceblast (11)
 u - a wand of disintegration (12)
 y - a wand of digging (3)
 D - a wand of clouds (6)
Scrolls
 e - 9 scrolls of identify {unknown}
 f - a scroll of amnesia {unknown}
 h - 5 scrolls of teleportation {unknown}
 j - 6 scrolls of remove curse {unknown}
 s - 4 scrolls of blinking {unknown}
 F - 4 scrolls of enchant armour {unknown}
 G - a scroll of silence {unknown}
 H - 2 scrolls of enchant weapon {unknown}
 J - a scroll of noise {unknown}
 K - a scroll of fear {unknown}
Potions
 b - 4 potions of degeneration
 d - 2 potions of haste
 l - 2 potions of flight {unknown}
 n - 5 potions of might {unknown}
 o - 2 potions of ambrosia {unknown}
 p - a potion of brilliance {unknown}
 q - a potion of invisibility {unknown}
 r - a potion of lignification {unknown}
 v - a potion of agility {unknown}
 B - a potion of cancellation {unknown}
Comestibles
 c - 14 rations
 E - 2 chunks of flesh


   Skills:
 + Level 10.8(9.8) Fighting
 * Level 14.3(13.2) Axes
 - Level 2.4(1.6) Armour
 - Level 2.1(1.3) Dodging


You had 9 spell levels left.
You didn't know any spells.
Your spell library was empty.

Dungeon Overview and Level Annotations

Branches:
Dungeon (8/15)             Temple (0/1) D:5
   Lair: D:8-11

Altars:

Shops:
D:4 [

Annotations:
D:7 Erica


Innate Abilities, Weirdness & Mutations

You reflexively headbutt those who attack you in melee.
You have a pair of horns on your head.


Message History

You hit something. Your headbutt misses something.
You feel sick.
You completely miss something. You headbutt something.
Your skin stops crawling.
You feel less resistant to hostile enchantments.
You hear some strange, mumbled words.
You are confused.
You bump into the rock wall.
You feel sick. Something hits you. Something burns you.
You completely miss something. You headbutt something!
You hear some strange, mumbled words.
An orb of energy appears from out of thin air!
The orb of energy hits you!!
* * * LOW HITPOINT WARNING * * *
It was a potion of degeneration.
There was something very wrong with that liquid.
You feel weakened.
You feel dopey.
You feel clumsy.
You feel sick. Something hits you!
* * * LOW HITPOINT WARNING * * *
Something burns you.
You die...

#........#
#........#
#........#
###########........#
...................#
.#########.........#
## #..........# #
####.#.....รท[.#
#....#....)@{.#
####.#############
###....# #...####
#.### ..# .## ##
###########
############


There were no monsters in sight!

Vanquished Creatures
  Pikel (D:4)
  Grinder (D:5)
  2 hippogriffs
  Sigmund (D:5)
  2 hungry ghosts (D:7)
  Edmund (D:6)
  Menkaure (D:6)
  Duvessa (D:6)
  3 sky beasts
  3 phantoms
  3 slaves (D:4)
  2 ice beasts (D:7)
  5 ogres
  2 bullfrogs (D:6)
  A gnoll sergeant (D:7)
  Dowan (D:6)
  2 scorpions
  A killer bee (D:8)
  7 wights (D:7)
  3 crimson imps
  3 orc priests
  3 hounds
  2 jellies
  Jessica (D:2)
  3 iguanas
  Terence (D:2)
  Ijyb (D:5)
  Natasha (thrice) (D:4)
  3 orc wizards (D:7)
  7 worker ants
  A hound skeleton (D:4)
  A worker ant zombie (D:8)
  Robin (D:2)
  6 gnolls
  7 adders
  A shadow imp (D:5)
  3 adder skeletons
  An adder zombie (D:8)
  A worm (D:2)
  2 dart slugs
  3 leopard geckos
  22 orcs
  A ball python (D:5)
  6 giant cockroaches
  12 goblins
  3 hobgoblins
  6 jackals
  3 quokkas
  6 bats
  3 frilled lizards
  A jackal skeleton (D:5)
  8 kobolds
  3 rats
171 creatures vanquished.

Notes
Turn   | Place    | Note
-------+----------+-------------------------------------------
     0 | D:1      | Draznyth the Minotaur Berserker began the quest for the
                  | Orb.
     0 | D:1      | Reached XP level 1. HP: 19/19 MP: 0/0
   187 | D:1      | Reached skill level 4 in Axes
   202 | D:1      | Reached XP level 2. HP: 27/27 MP: 1/1
   460 | D:2      | Noticed Robin
   470 | D:2      | Reached XP level 3. HP: 33/33 MP: 2/2
   475 | D:2      | Killed Robin
   475 | D:2      | Reached skill level 5 in Axes
   565 | D:2      | Reached ** piety under Trog
   754 | D:2      | Noticed Jessica
   766 | D:2      | Killed Jessica
   766 | D:2      | Reached XP level 4. HP: 24/41 MP: 3/3
  1301 | D:2      | Reached skill level 6 in Axes
  1324 | D:2      | Noticed Terence
  1334 | D:2      | Killed Terence
  1334 | D:2      | Reached skill level 5 in Fighting
  1334 | D:2      | Reached XP level 5. HP: 47/48 MP: 4/4
  1836 | D:3      | You fall through a shaft for 3 floors!
  1916 | D:6      | Noticed Duvessa
  1916 | D:6      | Noticed Edmund
  1916 | D:6      | Noticed Dowan
  1929 | D:6      | Killed Edmund
  1929 | D:6      | Reached skill level 7 in Axes
  1929 | D:6      | Reached XP level 6. HP: 53/57 MP: 5/5
  1931 | D:6      | Killed Duvessa
  1936 | D:6      | Killed Dowan
  1936 | D:6      | Reached skill level 8 in Axes
  1972 | D:6      | Reached XP level 7. HP: 51/63 MP: 6/6
  2133 | D:6      | Noticed Menkaure
  2140 | D:5      | Entered Level 5 of the Dungeon
  2348 | D:4      | Reached skill level 9 in Axes
  3224 | D:4      | Noticed Natasha
  3232 | D:4      | Killed Natasha
  3252 | D:4      | Noticed Pikel
  3294 | D:4      | Killed Pikel
  3294 | D:4      | Reached *** piety under Trog
  3294 | D:4      | Reached skill level 10 in Axes
  3294 | D:4      | Reached XP level 8. HP: 29/74 MP: 7/7
  3387 | D:4      | Noticed Natasha
  3396 | D:4      | Killed Natasha
  3483 | D:4      | Noticed Natasha
  3489 | D:4      | Killed Natasha
  3510 | D:4      | Found Kag Kisch's Antique Armour Shoppe.
  3956 | D:4      | Bought a brightly glowing ring mail for 171 gold pieces
  3966 | D:4      | Identified the +4 ring mail "Adeqamy" {Str+4 Int+3} (You
                  | bought it in a shop on level 4 of the Dungeon)
  4033 | D:5      | Found a staircase to the Ecumenical Temple.
  4052 | D:5      | Reached skill level 11 in Axes
  4066 | D:5      | Noticed Ijyb
  4074 | D:5      | Killed Ijyb
  4100 | D:5      | Noticed Grinder
  4111 | D:5      | Killed Grinder
  4480 | D:5      | Reached XP level 9. HP: 82/82 MP: 8/8
  4645 | D:5      | Noticed Sigmund
  4666 | D:5      | Killed Sigmund
  4666 | D:5      | Reached skill level 12 in Axes
  4886 | D:6      | Killed Menkaure
  5668 | D:7      | Reached skill level 13 in Axes
  5694 | D:7      | Reached skill level 10 in Fighting
  5943 | D:7      | Reached XP level 10. HP: 94/94 MP: 9/9
  6030 | D:7      | Reached skill level 14 in Axes
  6679 | D:8      | Noticed Erica
  6730 | D:7      | HP: 1/94 [something (8)]
  6730 | D:7      | Slain by Erica

Levels and vault maps discovered:
D:1:      denvon_arrival_waterhouse, layout_rooms
D:2:      layout_loops_ring, uniq_jessica, uniq_terence, uniq_robin
D:3:      layout_loops_ring, first_ration, minmay_misc_feat_x
D:4:      layout_basic, serial_shops, nicolae_shop_stone, serial_rivers,
          chequers_serial_rivers_room_a, chequers_serial_rivers_micro_c,
          chequers_serial_rivers_micro_e, chequers_serial_rivers_marsh,
          chequers_serial_rivers_micro_e, corexii_shack, uniq_natasha,
          uniq_pikel
D:5:      layout_basic, minmay_temple_entry_arrows, uniq_sigmund, uniq_grinder,
          uniq_ijyb
D:6:      layout_loops_cross, portal_sewer_entry_d, uniq_duvessa, uniq_edmund,
          uniq_menkaure
D:7:      layout_rooms, serial_corexii_hall, corexii_hall_statues_x,
          corexii_hall_statues_u
D:8:      kennysheep_orc_sif_temple, layout_basic, serial_shops,
          kennysheep_mini, uniq_harold, uniq_erica

Skill      XL: |  1  2  3  4  5  6  7  8  9 10 |
---------------+-------------------------------+-----
Axes           | 4 5 6 7 8 10 11 13 14 | 14.3
Fighting       | 4 5 6 8 10 | 10.8
Armour         | |  2.4
Dodging        | |  2.1

Action                   |  1- 3 |  4- 6 |  7- 9 | 10-12 || total
-------------------------+-------+-------+-------+-------++-------
Melee: Hand axe          |    59 |   103 |   216 |       ||   378
       Headbutt          |     6 |    15 |    50 |    11 ||    82
       War axe           |       |       |   103 |     6 ||   109
       Morningstar       |       |       |       |    41 ||    41
Invok: Berserk           |     1 |     2 |     4 |       ||     7
       Trog's Hand       |       |     1 |     6 |     2 ||     9
  Use: Potion            |       |       |       |     1 ||     1
  Eat: Chunk             |       |     7 |    17 |     4 ||    28
       Ration            |       |       |     1 |       ||     1
Armor: Chain mail        |    49 |    61 |    69 |       ||   179
       Animal skin       |     5 |       |       |       ||     5
       Ring mail         |       |       |    47 |    34 ||    81
Dodge: Dodged            |    36 |    39 |   102 |    49 ||   226

Table legend:
 A = Non-vault XP
 B = Vault XP
 C = Vault XP percentage of total XP
 D = Non-vault monster count
 E = Vault monster count
 F = Vault count percentage of total count
                 A         B        C        D         E       F
            +---------+---------+-------+---------+---------+-------
      Total |    4732 |    1907 |  28.7 |     144 |      24 |  14.3
            +---------+---------+-------+---------+---------+-------
        D:1 |      17 |       0 |   0.0 |      11 |       0 |   0.0
        D:2 |      98 |     108 |  52.4 |      22 |      13 |  37.1
        D:3 |     103 |       0 |   0.0 |      17 |       0 |   0.0
        D:4 |     386 |     679 |  63.8 |      21 |       3 |  12.5
        D:5 |     352 |     566 |  61.7 |      13 |       3 |  18.8
        D:6 |    1080 |     554 |  33.9 |      18 |       5 |  21.7
        D:7 |    2230 |       0 |   0.0 |      34 |       0 |   0.0
        D:8 |     466 |       0 |   0.0 |       8 |       0 |   0.0
            +---------+---------+-------+---------+---------+-------
